 Dungeon Crawl Stone Soup version 0.31-a0-210-gccc998df9b (webtiles) character file.

Game seed: 8074899107711769356

159017 Anon1729 the Impassioned (level 17, -1/98 (137) HPs)
             Began as a Demonspawn Monk on June 29, 2023.
             Was a Follower of Uskayaw.
             Slain by Gakhut's ghost (5 damage)
             ... on level 2 of the Spider Nest.
             The game lasted 00:33:19 (33822 turns).

Anon1729 the Impassioned (Demonspawn Monk)         Turns: 33822, Time: 00:33:19

HP:   -1/98 (137)   AC: 26    Str: 14    XL:     17   Next: 15%
MP:   25/29         EV: 22    Int: 12    God:    Uskayaw [*.....]
Gold: 1143          SH:  0    Dex: 21    Spells: 16/16 levels left

rFire   + . .        D - +4 rapier (venom)
rCold   . . .        d - orb {light}
rNeg    . . .        S - +3 scale mail {rPois}
rPois   +            (helmet unavailable)
rElec   .            h - +0 cloak
rCorr   .            (no gloves)
SInv    +            B - +2 pair of boots {Fly}
Will    +....        m - amulet of faith Stlth
                     P - +5 ring of evasion
HPRegen 0.36/turn    N - ring of protection from fire
MPRegen 0.21/turn

%: faith
@: sanguine armoured, flying, glowing, very heavily drained
A: antennae 3, spiny 1, sanguine armour 2, demonic magic 3, corrupting presence
2
a: Renounce Religion, Stomp


You were on level 2 of the Spider Nest.
You worshipped Uskayaw.
Uskayaw was most pleased with you.
You visited 5 branches of the dungeon, and saw 25 of its levels.
You also visited: Bailey and Volcano.

You collected 2798 gold pieces.
You spent 1655 gold pieces at shops.

Inventory:

Hand Weapons
 D - a +4 rapier of venom (weapon)
 K - the +5 rapier of Heatuop {pain, rPois rC+}
   (You found it on level 8 of the Dungeon)

   rC:        It protects you from cold.
   rPois:     It protects you from poison.
Missiles
 v - 2 throwing nets
 F - 10 curare-tipped darts
Armour
 d - an orb of light (worn)
 h - a +0 cloak (worn)
 w - +0 acid dragon scales
 B - a +2 pair of boots of flying (worn)
 S - a +3 scale mail of poison resistance (worn)
Jewellery
 m - an amulet of faith (around neck)
 r - a ring of protection from cold
 y - a ring of resist corrosion
 N - a ring of protection from fire (right hand)
 P - a +5 ring of evasion (left hand)
Wands
 k - a wand of mindburst (11)
 p - a wand of flame (47)
 I - a wand of paralysis (4)
 L - a wand of roots (15)
 M - a wand of digging (5)
 V - a wand of polymorph (19)
 X - a wand of acid (13)
Scrolls
 b - a scroll of butterflies
 j - 3 scrolls of fear
 l - a scroll of fog
 o - 10 scrolls of teleportation
 s - a scroll of silence
 t - 2 scrolls of torment
 u - 4 scrolls of enchant weapon
 z - 2 scrolls of vulnerability
 G - 4 scrolls of blinking
 J - 5 scrolls of immolation
 T - 3 scrolls of revelation
 U - a scroll of poison
 W - 2 scrolls of brand weapon
Potions
 a - a potion of ambrosia
 c - 2 potions of magic
 e - 2 potions of brilliance
 f - 2 potions of haste
 g - 8 potions of enlightenment
 i - 5 potions of lignification
 n - 2 potions of mutation
 q - 3 potions of invisibility
 x - 4 potions of cancellation
 A - a potion of berserk rage
 H - 10 potions of curing
 O - 5 potions of might
 Q - 3 potions of attraction
 R - 6 potions of resistance
 Y - 2 potions of heal wounds
Miscellaneous
 C - a piece from Xom's chessboard (15/15)
 E - a tin of tremorstones (2/2)
 Z - a phantom mirror


   Skills:
 + Level 13.5 Fighting
 + Level 12.9 Short Blades
 + Level 12.1 Armour
 + Level 12.5 Dodging
 + Level 17.2 Invocations
 + Level 8.4 Evocations


You had 16 spell levels left.
You didn't know any spells.
Your spell library contained the following spells:

 Spells                   Type           Power      Damage    Failure   Level
 Freeze                   Ice            0%         1d3       69%         1
 Necrotise                Necr           0%         1d4       69%         1
 Sandblast                Erth           0%         2d4       69%         1
 Shock                    Conj/Air       0%         1d3       69%         1
 Cigotuvi's Dreadful Rot  Necr/Pois/Air  0%         N/A       83%         2
 Passwall                 Tmut/Erth      0%         N/A       83%         2
 Dazzling Flash           Conj/Hex       0%         N/A       96%         3
 Frozen Ramparts          Ice            0%         1d1       96%         3
 Hailstorm                Conj/Ice       0%         3d3       96%         3
 Ignite Poison            Fire/Tmut/Pois 0%         N/A       96%         3
 Inner Flame              Hex/Fire       0%         N/A       96%         3
 Stone Arrow              Conj/Erth      0%         3d7       96%         3
 Swiftness                Air            0%         N/A       96%         3
 Tukima's Dance           Hex            0%         N/A       96%         3
 Vampiric Draining        Necr           0%         2d6       96%         3
 Volatile Blastmotes      Fire/Tloc      0%         2d10      96%         3
 Airstrike                Air            0%         2d(0-16)  100%        4
 Dispel Undead            Necr           0%         3d6       100%        4
 Flame Wave               Conj/Fire      0%         2d4       100%        4
 Iskenderun's Mystic Bla  Conj/Tloc      0%         2d3       100%        4
 Passage of Golubria      Tloc           0%         N/A       100%        4
 Sticky Flame             Conj/Fire      0%         2d3       100%        4
 Agony                    Necr           0%         N/A       100%        5
 Freezing Cloud           Conj/Ice/Air   0%         6-21      100%        5
 Summon Forest            Summ/Tloc      0%         N/A       100%        5
 Summon Mana Viper        Hex/Summ       0%         N/A       100%        5
 Yara's Violent Unravell  Hex/Tmut       0%         3d3       100%        5
 Death Channel            Necr           0%         N/A       100%        6
 Starburst                Conj/Fire      0%         6d3       100%        6
 Summon Cactus Giant      Summ           0%         N/A       100%        6


Dungeon Overview and Level Annotations

Branches:
Dungeon (15/15)            Temple (1/1) D:5            Lair (5/5) D:11
 Shoals (0/4) Lair:2       Spider (2/4) Lair:3        Slime (0/5) Lair:5
    Orc (2/2) D:12            Elf (0/3) Orc:2        Vaults (0/5) D:13
 Depths (0/4) D:15         Bailey (visited)         Volcano (visited)

Altars:
Ashenzari
Cheibriados
Dithmenos
Fedhas
Gozag
Hepliaklqana
Kikubaaqudgha
Makhleb
Nemelex Xobeh
Okawaru
Ru
Uskayaw
Vehumet
Xom
Jiyva

Shops:
D:4 (=?(=   Orc:2 !=?(

Portals:
Pandemonium: Orc:2

Annotations:
D:13 3 runed translucent doors, sastreii's ghost, journeyman GnRe
Spider:2 Gakhut's ghost, adept BaGl; Ofeolo's ghost, adept VSHs; Sparcealot's ghost, journeyman NaWn


Innate Abilities, Weirdness & Mutations

You have a pair of large antennae on your head. (SInv)
You are partially covered in sharp spines.
When seriously injured, your blood forms thick armour. (AC +9)
Spells you cast and wands you use may paralyse nearby enemies.
Your presence sometimes corrodes or deforms those you injure.


Message History

You barely miss Gakhut's ghost.
Gakhut's ghost is heavily damaged.
You hit Gakhut's ghost.
Gakhut's ghost is heavily damaged.
You puncture Gakhut's ghost!
Gakhut's ghost is heavily damaged.
You miss Gakhut's ghost.
Gakhut's ghost is heavily damaged.
Gakhut's ghost hits you.
You feel drained.
You hit Gakhut's ghost.
Gakhut's ghost is heavily damaged.
Gakhut's ghost hits you.
You feel drained.
You miss Gakhut's ghost.
Gakhut's ghost is heavily damaged.
You miss Gakhut's ghost.
Gakhut's ghost is heavily damaged.
Gakhut's ghost completely misses you.
You hit Gakhut's ghost but do no damage.
Gakhut's ghost is heavily damaged.
You hit Gakhut's ghost but do no damage.
Gakhut's ghost is heavily damaged.
Gakhut's ghost is struck by your spines.
Gakhut's ghost hits you but does no damage.
You feel drained.
Ofeolo's ghost keens inconsolably.
You puncture Gakhut's ghost!
Gakhut's ghost is severely damaged.
You hit Gakhut's ghost but do no damage.
Gakhut's ghost is severely damaged.
Gakhut's ghost is struck by your spines.
Gakhut's ghost hits you but does no damage.
You feel drained.
You miss Gakhut's ghost.
Gakhut's ghost is severely damaged.
You hit Gakhut's ghost but do no damage.
Gakhut's ghost is severely damaged.
Gakhut's ghost hits you!!
* * * LOW HITPOINT WARNING * * *
You feel drained.
You die...

##.....####
###.....)...#
#...#°°.....#
#.#####W''###
#.##:W......=#
#W##8.......8#
#W##:.......:#
#W##!.......!#
#@###8.....8##
#.# ##=♣⌠♣|##
#.# ### ##.###.#
# #.#.#.## #
####.^### ###
### ###..# #.#
..## #.##^##
#.## ...###
##.#..######.###


You could see Gakhut's ghost, Ofeolo's ghost and Sparcealot's ghost.

Vanquished Creatures
  Rupert (D:15)
  A frost giant (shapeshifter) (D:15)
  An emperor scorpion (Spider:2)
  The ghost of Temocan the Spry, an adept SpBr of Gozag (Spider:2)
  The ghost of Unetz the Destroyer, an adept VSCj of Gozag (Orc:1)
  A very ugly thing (D:15)
  Azrael (D:14)
  A dire elephant (Lair:5)
  2 spark wasps (Spider:2)
  The ghost of Atixe the Grappler, a journeyman TrBe of Trog (Orc:1)
  2 fire dragons
  The ghost of bmj180 the Frost Mage, a journeyman MfIE of Vehumet (D:11)
  4 entropy weavers
  A great orb of eyes (D:15)
  Josephine (Lair:3)
  4 vault guards (D:13)
  A rakshasa (D:14)
  7 hydras
  2 jorogumos (Spider:2)
  Erolcha (D:10)
  2 demonspawn (Orc:2)
  6 boulder beetles
  A merfolk avatar (Lair:5)
  2 ogre magi
  7 centaur warriors
  The ghost of Bauthrim the Destroyer, a journeyman DsCj of Vehumet (Orc:1)
  10 two-headed ogres
  A tengu warrior (D:15)
  Urug (Orc:1)
  6 orc high priests (Orc:2)
  A demonic crawler (Spider:1)
  A soul eater (Orc:2)
  A hell knight (Volcano)
  Nergalle (Lair:1)
  A sun moth (Spider:2)
  A skyshark (Lair:5)
  A sea snake (Lair:5)
  2 orb spiders
  A deep troll (Orc:2)
  5 orc knights
  2 steelbarb worms
  A harpy (Lair:5)
  6 orc sorcerers
  An oklob plant (D:11)
  4 wolf spiders (Spider:1)
  2 deep elf pyromancers
  5 manticores
  A moth of wrath (D:11)
  5 ugly things
  7 cyclopes
  18 elephants
  6 black mambas
  Maurice (D:10)
  2 torpor snails
  9 cane toads
  A yaktaur (D:15)
  Psyche (D:9)
  A kobold demonologist (D:12)
  5 rime drakes
  A komodo dragon (shapeshifter) (D:15)
  2 tengu conjurers
  5 komodo dragons
  A hellwing (Orc:2)
  2 wind drakes (Lair:5)
  8 polar bears
  9 meliai
  3 trolls
  A hornet (D:9)
  7 tarantellas
  A snapping turtle (Lair:5)
  14 blink frogs
  A raiju (shapeshifter) (D:15)
  13 culicivoras
  13 jumping spiders
  11 slime creatures
  A ynoxinul (Orc:2)
  A spriggan (shapeshifter) (D:14)
  46 yaks
  4 wyverns
  A shadow (D:12)
  5 fire elementals (D:14)
  3 vampires
  3 basilisks
  8 wraiths
  2 humans (D:13)
  A chaos spawn (Orc:2)
  3 steam dragons
  A hog (shapeshifter) (D:15)
  18 redbacks
  5 vampire mosquitoes
  3 wargs (Orc:2)
  An acid dragon (D:11)
  15 water moccasins
  2 hell hounds (D:14)
  An ice beast (D:7)
  34 orc warriors
  4 black bears
  18 wolves
  9 ogres
  An ogre (shapeshifter) (D:13)
  16 centaurs
  A kobold brigand (D:10)
  14 bullfrogs
  A scorpion (D:6)
  6 wights
  15 killer bees
  7 howler monkeys
  4 electric eels
  5 lava snakes
  A hound (D:6)
  6 jellies
  22 orc priests
  A gnoll bouda (D:8)
  3 iguanas
  22 orc wizards
  Terence (D:3)
  8 adders
  6 gnolls
  2 river rats (D:6)
  A shadow imp (D:7)
  16 white imps
  An ufetubus (D:7)
  5 worms
  3 dart slugs
  63 orcs
  10 endoplasms
  3 giant cockroaches
  7 goblins
  10 hobgoblins
  A jackal (D:2)
  4 quokkas
  5 ball pythons
  7 bats
  A frilled lizard (D:2)
  A goblin zombie (D:6)
  23 kobolds
  A quokka zombie (D:6)
  2 rats
752 creatures vanquished.

Vanquished Creatures (others)
  A jorogumo (Spider:1)
  An orc warrior (Orc:2)
  A killer bee (D:11)
  A lava snake (Lair:3)
4 creatures vanquished.

Grand Total: 756 creatures vanquished

Notes
Turn   | Place    | Note
-------+----------+-------------------------------------------
     0 | D:1      | Anon1729 the Demonspawn Monk began the quest for the Orb.
     0 | D:1      | Reached XP level 1. HP: 18/18 MP: 1/1
   314 | D:1      | Gained mutation: When seriously injured, your blood forms
                  | armour. (AC +9) [demonic ancestry]
   314 | D:1      | Reached XP level 2. HP: 21/24 MP: 2/2
   577 | D:1      | Reached skill level 1 in Invocations
  1077 | D:2      | Reached XP level 3. HP: 29/29 MP: 4/4
  1082 | D:2      | Reached skill level 1 in Armour
  1387 | D:2      | Reached skill level 2 in Invocations
  1387 | D:2      | Gained mutation: You have a pair of small antennae on your
                  | head. [demonic ancestry]
  1387 | D:2      | Reached XP level 4. HP: 32/35 MP: 5/5
  1805 | D:3      | Found a faded altar of an unknown god.
  2009 | D:3      | Noticed Terence
  2054 | D:3      | Killed Terence
  2575 | D:4      | Found Sivuept's Antique Weapon Emporium.
  2584 | D:4      | Found Gasumoes's Jewellery Shop.
  2658 | D:4      | Found Anefastr Gypt's Antique Weapon Emporium.
  2666 | D:4      | Found Seigguu's Jewellery Emporium.
  2683 | D:4      | Reached XP level 5. HP: 41/41 MP: 6/6
  2688 | D:4      | Found Dahiw Efe's Magic Scroll Emporium.
  2706 | D:4      | Bought a scroll of identify for 26 gold pieces
  2706 | D:4      | Bought 3 scrolls of teleportation for 117 gold pieces
  2731 | D:4      | Found a snail-covered altar of Cheibriados.
  2752 | D:4      | Noticed a black bear
  2764 | D:4      | Killed a black bear
  2765 | D:4      | Reached skill level 3 in Invocations
  2807 | D:4      | You fall into a shaft and drop 1 floor!
  2807 | D:5      | Entered Level 5 of the Dungeon
  2858 | D:5      | Gained mutation: Spells you cast may paralyse adjacent
                  | enemies. [demonic ancestry]
  2858 | D:5      | Reached XP level 6. HP: 19/48 MP: 8/8
  3257 | D:5      | Found a staircase to the Ecumenical Temple.
  3397 | Temple   | Entered the Ecumenical Temple
  3403 | Temple   | Became a worshipper of Uskayaw the Reveller
  3403 | Temple   | Reached * piety under Uskayaw
  3442 | D:6      | Reached ** piety under Uskayaw
  3443 | D:6      | Reached *** piety under Uskayaw
  3470 | D:6      | Found a sacrificial altar of Ru.
  3489 | D:6      | Reached **** piety under Uskayaw
  3493 | D:6      | Reached skill level 4 in Invocations
  3592 | D:6      | Gained mutation: When seriously injured, your blood forms
                  | thick armour. (AC +9) [demonic ancestry]
  3592 | D:6      | Reached XP level 7. HP: 36/55 MP: 10/10
  3595 | D:6      | Reached ***** piety under Uskayaw
  3893 | D:6      | Reached skill level 5 in Invocations
  3995 | D:6      | Found a sparkling altar of Nemelex Xobeh.
  4054 | D:6      | Found a blossoming altar of Fedhas.
  4057 | D:6      | Found an ancient bone altar of Kikubaaqudgha.
  4245 | D:6      | Reached skill level 5 in Fighting
  4257 | D:6      | Gained mutation: You have a pair of antennae on your head.
                  | [demonic ancestry]
  4257 | D:6      | Reached XP level 8. HP: 44/62 MP: 11/11
  4867 | D:6      | Reached skill level 5 in Short Blades
  4899 | D:6      | Reached skill level 5 in Dodging
  5107 | D:7      | Reached skill level 6 in Invocations
  5165 | D:7      | Found a flagged portal.
  5182 | Bailey   | Entered a bailey
  5366 | Bailey   | Reached XP level 9. HP: 14/69 MP: 2/14
  6185 | D:7      | Reached skill level 7 in Invocations
  6300 | D:7      | Reached skill level 5 in Armour
  7237 | D:8      | Reached skill level 8 in Invocations
  7381 | D:8      | Identified the +5 rapier of Heatuop {pain, rPois rC+}
  8062 | D:8      | Gained mutation: Spells you cast may paralyse nearby
                  | enemies. [demonic ancestry]
  8062 | D:8      | Reached XP level 10. HP: 32/79 MP: 16/16
  8591 | D:9      | Noticed a manticore
  8623 | D:9      | Found an iron altar of Okawaru.
  8625 | D:9      | Noticed Psyche
  8635 | D:9      | Killed Psyche
  8686 | D:9      | Identified the +2 rapier of the Curious Moons {drain, rC-
                  | Int+2 Dex+4 SInv}
  8696 | D:9      | Found a hazy altar of Hepliaklqana.
  8894 | D:9      | Found a radiant altar of Vehumet.
  9042 | D:9      | Reached skill level 9 in Invocations
  9401 | D:10     | Entered Level 10 of the Dungeon
  9408 | D:10     | Noticed Maurice
  9421 | D:10     | Killed Maurice
  9865 | D:10     | Gained mutation: You are partially covered in sharp spines.
                  | [demonic ancestry]
  9865 | D:10     | Reached XP level 11. HP: 51/86 MP: 18/18
 10070 | D:10     | Noticed Erolcha
 10083 | D:10     | Killed Erolcha
 10084 | D:10     | Reached skill level 10 in Invocations
 11048 | D:11     | Found a staircase to the Lair.
 11053 | D:11     | Noticed an oklob plant
 11585 | D:11     | Noticed a two-headed ogre
 11601 | D:11     | Killed a two-headed ogre
 11699 | D:11     | Noticed a fire dragon
 11710 | D:11     | Found a transporter.
 11867 | D:11     | Found a transporter.
 11873 | D:11     | Noticed bmj180's ghost (journeyman MfIE)
 12177 | D:12     | Noticed a purple ugly thing
 12186 | D:12     | Killed a purple ugly thing
 12777 | D:12     | Found a staircase to the Orcish Mines.
 12902 | D:12     | Reached skill level 11 in Invocations
 13896 | D:11     | Killed an oklob plant
 13963 | Lair:1   | Entered Level 1 of the Lair of Beasts
 14109 | Lair:1   | Gained mutation: Spells you cast and wands you use may
                  | paralyse nearby enemies. [demonic ancestry]
 14109 | Lair:1   | Reached XP level 12. HP: 96/96 MP: 20/20
 14320 | Lair:1   | Noticed Nergalle
 14354 | Lair:1   | Killed Nergalle
 15018 | Lair:1   | Reached skill level 12 in Invocations
 15203 | Lair:1   | Reached skill level 10 in Fighting
 15281 | Lair:1   | Identified the +3 hand axe of Intuition {freeze, Str+3
                  | Dex+4}
 15565 | Lair:2   | Noticed a six-headed hydra
 15576 | Lair:2   | Reached ****** piety under Uskayaw
 15581 | Lair:2   | Killed a six-headed hydra
 16025 | Lair:2   | Noticed a four-headed hydra
 16033 | Lair:2   | Killed a four-headed hydra
 16123 | Lair:2   | Found a staircase to the Shoals.
 16331 | Lair:2   | Gained mutation: You have a pair of large antennae on your
                  | head. (SInv) [demonic ancestry]
 16331 | Lair:2   | Reached XP level 13. HP: 101/104 MP: 22/22
 16792 | Lair:3   | Reached skill level 13 in Invocations
 16801 | Lair:3   | Reached skill level 1 in Evocations
 17167 | Lair:3   | Noticed Josephine
 17174 | Lair:3   | Killed Josephine
 17285 | Lair:3   | Found a hole to the Spider Nest.
 18558 | Lair:4   | Found a dark tunnel.
 18652 | Volcano  | Entered a volcano
 18688 | Volcano  | Found a radiant altar of Vehumet.
 18746 | Volcano  | Reached skill level 10 in Dodging
 18751 | Volcano  | Reached skill level 10 in Short Blades
 19754 | Lair:4   | Found a hazy altar of Hepliaklqana.
 20322 | Lair:5   | Entered Level 5 of the Lair of Beasts
 20341 | Lair:5   | Noticed a dire elephant
 20366 | Lair:5   | Killed a dire elephant
 20742 | Lair:5   | Reached skill level 10 in Armour
 20954 | Lair:5   | Reached skill level 14 in Invocations
 21219 | Lair:5   | Gained mutation: Your presence sometimes corrodes those you
                  | injure. [demonic ancestry]
 21219 | Lair:5   | Reached XP level 14. HP: 99/113 MP: 24/24
 21596 | Lair:5   | Found a staircase to the Slime Pits.
 21596 | Lair:5   | Found a viscous altar of Jiyva.
 22277 | Lair:5   | Reached skill level 5 in Evocations
 22359 | Lair:5   | Identified the amulet "Qiux Teo" {Acrobat rN+ Regen+ Str+4
                  | Int-2}
 22363 | Lair:5   | Identified the +2 trident of Doom {elec, *Noise rC+ rN+}
 22374 | Lair:5   | Identified the +7 whip of Day {vamp, rPois Int+2}
 22754 | D:13     | Found a runed translucent gate.
 22759 | D:13     | Found a runed translucent gate.
 22759 | D:13     | Noticed sastreii's ghost (journeyman GnRe)
 22760 | D:13     | Found a runed translucent gate.
 23085 | D:13     | Found an iron altar of Okawaru.
 23191 | D:13     | Found a broken altar of Ashenzari.
 23354 | D:13     | Found a gate to the Vaults.
 24716 | D:11     | Killed bmj180's ghost
 25010 | Orc:1    | Entered Level 1 of the Orcish Mines
 25102 | Orc:1    | Noticed Urug
 25117 | Orc:1    | Killed Urug
 25118 | Orc:1    | Reached skill level 15 in Invocations
 25295 | Orc:1    | Found Icsetam's Distillery.
 25302 | Orc:1    | Bought a potion of curing for 33 gold pieces
 25302 | Orc:1    | Bought a potion of curing for 33 gold pieces
 25302 | Orc:1    | Bought a potion of berserk rage for 55 gold pieces
 25302 | Orc:1    | Bought a potion of heal wounds for 55 gold pieces
 25302 | Orc:1    | Bought a potion of might for 44 gold pieces
 25302 | Orc:1    | Bought 2 potions of enlightenment for 110 gold pieces
 25302 | Orc:1    | Bought a potion of ambrosia for 88 gold pieces
 25302 | Orc:1    | Bought a potion of mutation for 88 gold pieces
 25302 | Orc:1    | Bought a potion of attraction for 33 gold pieces
 25535 | Orc:1    | Found a runed translucent gate.
 25535 | Orc:1    | Found a runed translucent gate.
 25535 | Orc:1    | Found a runed translucent gate.
 25535 | Orc:1    | Noticed Unetz's ghost (adept VSCj)
 25535 | Orc:1    | Noticed Atixe's ghost (journeyman TrBe)
 25536 | Orc:1    | Noticed Bauthrim's ghost (journeyman DsCj)
 25902 | Orc:1    | Killed Atixe's ghost
 25918 | Orc:1    | Killed Unetz's ghost
 25919 | Orc:1    | Killed Bauthrim's ghost
 26116 | Orc:1    | Identified the ring of Feupok {Wiz Fly Int+4 SInv Stlth-}
 26138 | Orc:1    | Reached XP level 15. HP: 122/122 MP: 26/26
 26168 | Orc:2    | Entered Level 2 of the Orcish Mines
 26741 | Orc:2    | Found Akhla Jyi's Magic Scroll Shoppe.
 26748 | Orc:2    | Found Jeuboeli's Distillery.
 26761 | Orc:2    | Reached XP level 16. HP: 90/129 MP: 27/27
 26964 | Orc:2    | Bought a scroll of identify for 34 gold pieces
 26964 | Orc:2    | Bought a scroll of identify for 34 gold pieces
 26964 | Orc:2    | Bought a scroll of identify for 34 gold pieces
 26964 | Orc:2    | Bought a scroll of fear for 68 gold pieces
 26964 | Orc:2    | Bought a scroll of enchant weapon for 127 gold pieces
 26966 | Orc:2    | Bought a potion of heal wounds for 65 gold pieces
 26966 | Orc:2    | Bought a potion of curing for 39 gold pieces
 26966 | Orc:2    | Bought a potion of curing for 39 gold pieces
 26966 | Orc:2    | Bought a potion of curing for 39 gold pieces
 26966 | Orc:2    | Bought a potion of curing for 39 gold pieces
 26966 | Orc:2    | Bought a potion of invisibility for 104 gold pieces
 26966 | Orc:2    | Bought 2 potions of resistance for 260 gold pieces
 26966 | Orc:2    | Bought a potion of might for 52 gold pieces
 26966 | Orc:2    | Bought a potion of attraction for 39 gold pieces
 27014 | Orc:2    | Found a staircase to the Elven Halls.
 27179 | Orc:2    | Reached skill level 16 in Invocations
 27876 | Orc:2    | Found Asko's Jewellery Shop.
 27876 | Orc:2    | Found Yrghubofe's Antique Weapon Boutique.
 27877 | Orc:2    | Found a one-way gate leading to the halls of Pandemonium.
 28195 | D:14     | Noticed Azrael
 28209 | D:14     | Killed Azrael
 29047 | D:15     | Entered Level 15 of the Dungeon
 29119 | D:15     | Noticed Rupert
 29126 | D:15     | Paralysed by Rupert for 5 turns
 29132 | D:15     | Killed Rupert
 30052 | D:15     | Found a staircase to the Depths.
 30065 | D:15     | Paralysed by a great orb of eyes for 2 turns
 30559 | Spider:1 | Entered Level 1 of the Spider Nest
 30992 | Spider:1 | Paralysed by a jorogumo for 2 turns
 31847 | Spider:1 | Reached skill level 17 in Invocations
 32288 | Spider:2 | Found a runed translucent gate.
 32288 | Spider:2 | Found a runed translucent gate.
 32288 | Spider:2 | Found a runed translucent gate.
 32288 | Spider:2 | Noticed Temocan's ghost (adept SpBr)
 32288 | Spider:2 | Noticed Sparcealot's ghost (journeyman NaWn)
 32289 | Spider:2 | Noticed Gakhut's ghost (adept BaGl)
 32289 | Spider:2 | Noticed Ofeolo's ghost (adept VSHs)
 32539 | Spider:2 | Gained mutation: Your presence sometimes corrodes or
                  | deforms those you injure. [demonic ancestry]
 32539 | Spider:2 | Reached XP level 17. HP: 24/137 MP: 23/29
 32981 | Spider:2 | Identified the staff of Eternal Vigilance {rPois rF+ Str+5
                  | Poison}
 33806 | Spider:2 | Killed Temocan's ghost
 33822 | Spider:2 | HP: 4/105 [Gakhut's ghost (30)]
 33822 | Spider:2 | Slain by Gakhut's ghost

Illustrated notes

Levels and vault maps discovered:
D:1:      heliophobic_arrival_glass_houses, layout_loops_ring
D:2:      minmay_inner_zag, layout_rooms, hangedman_decor_diamond_cutter,
          kennysheep_potato
D:3:      layout_rooms, nicolae_overflow_ecumenical_swirl,
          amcnicky_mini_corridor_feature, uniq_terence
D:4:      layout_cave_pools, mainiacjoe_overflow_24_doors, serial_shops,
          nicolae_shop_window_shopping, shop, nicolae_shop_tiny_statue_garden,
          shop, nicolae_shop_crystal
D:5:      layout_rooms, minmay_temple_entry_proselytizer, kennysheep_donut
D:6:      layout_gridville, grunt_temple_overflow_growth_and_decay,
          nicolae_ru_sacrificial_ziggurat, nemelex_diamond_rough_becter,
          enter_ossuary_4, gup_sewer_entry_bowl, grunt_tough_drop
D:7:      layout_basic, enter_bailey_2, kennysheep_flooded_box,
          minmay_increasing_density
D:8:      layout_cave_pods
D:9:      layout_gridville, mainiacjoe_overflow_paths,
          nicolae_hepliaklqana_hazy_memory, vehumet_crystals, library_closet,
          wad_dig_loot, uniq_psyche
D:10:     layout_basic, uniq_maurice, uniq_erolcha
D:11:     layout_basic, dpeg_oklobed_lair, gammafunk_ghost_berserking_beasts,
          portal_ice_cave_entry_imps
D:12:     layout_layer_cave, orc_0_dummy, hangedman_decor_lopped,
          hangedman_decor_opposing
D:13:     layout_long_grid, grunt_vaults_entry_fortified,
          gammafunk_ghost_fury_of_okawaru, ashenzari_altar_1
D:14:     nicolae_cairo_tiling_large, layout_cave_pools,
          nicolae_tso_swordbearing_angel, uniq_azrael
D:15:     gammafunk_enter_depths_forms, layout_long_grid,
          minmay_misc_feat_secret_circle, gauntlet_entry_generic, uniq_rupert
Temple:   nicolae_temple_bog_church
Lair:1:   layout_layer_cave, uniq_nergalle
Lair:2:   layout_loops_ring, minmay_shoals_entry_beasts, serial_bayou_pond_c
Lair:3:   layout_layer_cave, hellmonk_spider_entry_life_and_decay,
          nicolae_lair_liquid_snakes, lemuel_fruit_fields,
          infiniplex_staircase_pool_2, uniq_josephine
Lair:4:   layout_regular_city, nicolae_volcano_entry_lava_flow, basic_altar
Lair:5:   gammafunk_lair_ancient_temple, layout_concentric_octagons,
          nicolae_slime_entry_slimehenge, chequers_serial_rivers_micro_b,
          pdpol_lair_neglected_garden
Spider:1: layout_cave_pods
Spider:2: layout_spider_delve, gammafunk_ghost_cemetery
Orc:1:    layout_caves, serial_shops, nicolae_shop_trees,
          gammafunk_ghost_cemetery, uniq_urug
Orc:2:    pf_orc_diabolical, layout_caves

Skill      XL: |  1  2  3  4  5  6  7  8  9 10 11 12 13 14 15 16 |
---------------+-------------------------------------------------+-----
Invocations    | 1 2 3 4 5 6 8 9 11 12 14 15 17 | 17.2
Short Blades   | 3 4 5 6 7 8 9 10 11 12 | 12.9
Armour         | 1 2 3 4 5 6 8 9 10 11 12 | 12.1
Dodging        | 3 4 5 6 7 8 9 10 11 12 | 12.5
Fighting       | 4 5 6 7 8 9 10 11 12 13 | 13.5
Evocations     | 4 6 8 |  8.4

Action                     |  1- 3 |  4- 6 |  7- 9 | 10-12 | 13-15 | 16-18 || total
---------------------------+-------+-------+-------+-------+-------+-------++-------
  Melee: Short sword       |   132 |   250 |   287 |       |       |       ||   669
         Rapier            |       |       |   124 |   664 |   825 |   743 ||  2356
 Invoke: Stomp             |       |       |     3 |     4 |    11 |     7 ||    25
         Line Pass         |       |       |     4 |     5 |     6 |     9 ||    24
         Grand Finale      |       |       |     1 |       |     1 |     3 ||     5
  Evoke: Wand              |       |       |     1 |       |     2 |       ||     3
    Use: Potion            |       |     1 |       |     1 |     1 |     9 ||    12
         Scroll            |       |     5 |     7 |     6 |     7 |     4 ||    29
   Stab: Paralysed         |       |     4 |    19 |    58 |    87 |    64 ||   232
         Confused          |       |       |     2 |     2 |     2 |     6 ||    12
 Armour: Robe              |     3 |       |       |       |       |       ||     3
         Chain mail        |    73 |   125 |   205 |    90 |       |       ||   493
         Acid dragon scale |       |       |       |    82 |   206 |   114 ||   402
         Scale mail        |       |       |       |       |       |    94 ||    94
  Dodge: Dodged            |    44 |    72 |   184 |   421 |   784 |   675 ||  2180

Table legend: (Time is in decaauts)
 A = Elapsed time spent in this place.
 B = Non-inter-level travel time spent in this place.
 C = Inter-level travel time spent in this place.
 D = Time resting spent in this place.
 E = Time spent auto-exploring this place.
 F = Levels seen in this place.
 G = Mean time per level.
                   A        B        C        D        E       F      G
               +--------+--------+--------+--------+--------+-----+--------+
         Total |  33005 |  31339 |   1666 |   3775 |  22839 |  27 | 1222.4 |
       Dungeon |  17944 |  16771 |   1173 |   1241 |  13016 |  15 | 1196.3 |
        Temple |     12 |      6 |      6 |      0 |      0 |   1 |   12.0 |
          Lair |   7882 |   7573 |    309 |   1188 |   5381 |   5 | 1576.4 |
   Spider Nest |   2929 |   2864 |     65 |    257 |   2224 |   2 | 1464.5 |
  Orcish Mines |   2911 |   2800 |    111 |    615 |   1745 |   2 | 1455.5 |
        Bailey |    562 |    562 |      0 |    102 |    273 |   1 |  562.0 |
       Volcano |    763 |    763 |      0 |    372 |    199 |   1 |  763.0 |
               +--------+--------+--------+--------+--------+-----+--------+

Top non-repeatable levels by time:
  Lair:3: 1959 daAuts
  Lair:5: 1919 daAuts
    D:12: 1814 daAuts
    D:13: 1801 daAuts
  Lair:1: 1779 daAuts
    D:11: 1725 daAuts
    D:10: 1612 daAuts
Spider:2: 1573 daAuts
     D:6: 1543 daAuts
   Orc:2: 1473 daAuts
   Orc:1: 1438 daAuts
     D:7: 1409 daAuts
Spider:1: 1355 daAuts
    D:15: 1331 daAuts
  Lair:4: 1323 daAuts
